 Dungeon Crawl Stone Soup version 0.30-a0-630-g881e3bac89 (webtiles) character file.

Game seed: 18413353873410233150

3621 Caratheodory the Fighter (level 10, -1/73 HPs)
             Began as an Octopode Cinder Acolyte on Jan 13, 2023.
             Was an Elder of Ignis.
             Slain by a yak (10 damage)
             ... on level 7 of the Dungeon.
             The game lasted 00:20:34 (7675 turns).

Caratheodory the Fighter (Octopode Cinder Acolyte)  Turns: 7675, Time: 00:20:35

Health: -1/73      AC:  1    Str: 13    XL:     10   Next: 11%
Magic:  0/11       EV: 14    Int: 22    God:    Ignis [****..]
Gold:   300        SH:  0    Dex:  7    Spells: 9/11 levels left

rFire   + . .      SeeInvis .      - Unarmed
rCold   . . .      Faith    .    (no shield)
rNeg    . . .      Spirit   +    (helmet restricted)
rPois   +          Reflect  .    i - amulet of guardian spirit
rElec   .          Harm     .    t - ring of poison resistance
rCorr   .          Rampage  .    (no ring)
Will    .....                    (no ring)
Stlth   ++                       (no ring)
HPRegen 0.32/turn                (no ring)
MPRegen 0.12/turn                (no ring)
                                 (no ring)
                                 (no ring)

@: no status effects
A: almost no armour, amphibious, 8 rings, camouflage 1, gelatinous body 1,
(nimble swimmer 1), tentacles
a: Renounce Religion, Fiery Armour, Foxfire Swarm, Rising Flame


You were on level 7 of the Dungeon.
You worshipped Ignis.
Ignis was greatly pleased with you.
You visited 1 branch of the dungeon, and saw 8 of its levels.

You collected 445 gold pieces.
You spent 145 gold pieces at shops.

Inventory:

Missiles
 g - 5 javelins
 h - 9 poisoned darts (quivered)
 B - 5 silver javelins
Jewellery
 i - an amulet of guardian spirit (around mantle)
 k - an amulet of magic regeneration
 t - a ring of poison resistance (left tentacle)
Wands
 b - a wand of flame (47)
 e - a wand of polymorph (19)
 r - a wand of roots (29)
 w - a wand of acid (7)
 A - a wand of charming (8)
Scrolls
 a - 4 scrolls of teleportation
 j - 3 scrolls of fear
 l - 2 scrolls of enchant armour
 m - 2 scrolls of fog
 n - a scroll of torment
 o - a scroll of magic mapping {unknown}
 s - 3 scrolls of poison
 v - 2 scrolls of noise
 y - a scroll of immolation {unknown}
Potions
 c - 2 potions of haste
 d - a potion of might
 f - a potion of heal wounds
 p - a potion of cancellation {unknown}
 q - a potion of mutation {unknown}
 u - a potion of curing
 x - a potion of degeneration {unknown}
 z - 2 potions of brilliance {unknown}
 C - 2 potions of berserk rage {unknown}


   Skills:
 + Level 8.8 Fighting
 + Level 8.2 Dodging
 + Level 8.8 Unarmed Combat
 - Level 1.0 Spellcasting
 - Level 3.0 Fire Magic


You had 9 spell levels left.
You knew the following spells:

 Your Spells              Type           Power      Damage    Failure   Level
a - Scorch                Fire           28%        2d6       7%          2

Your spell library contained the following spells:

 Spells                   Type           Power      Damage    Failure   Level
 Freeze                   Ice            4%         1d3       16%         1
 Magic Dart               Conj           4%         1d3       16%         1
 Call Imp                 Summ           1%         N/A       22%         2
 Frozen Ramparts          Ice            2%         1d1       41%         3
 Hailstorm                Conj/Ice       1%         3d3       41%         3
 Mephitic Cloud           Conj/Pois/Air  1%         N/A       41%         3


Dungeon Overview and Level Annotations

Branches:
Dungeon (8/15)             Temple (0/1) D:6
   Lair: D:8-11

Altars:
Gozag
Hepliaklqana
Qazlal
Ru
Sif Muna

Shops:
D:1 *=??!   D:2 ??*


Innate Abilities, Weirdness & Mutations

You cannot wear most types of armour.
You are amphibious.
You can wear up to eight rings at the same time.
Your skin changes colour to match your surroundings (Stealth+).
Your rubbery body absorbs attacks. (AC +1, EV +1)
((You are camouflaged when in or above water. (Stealth+)))
You have tentacles for arms and can constrict up to eight enemies at once.


Message History

The yak misses you.
You tentacle-slap the yak. You squeeze the yak.
The yak is heavily wounded.
The yak gores you.
You tentacle-slap the yak but do no damage.
The yak is heavily wounded.
The yak barely misses you.
You tentacle-slap the yak but do no damage.
Your tentacle-slap misses the yak.
The yak is moderately wounded.
The yak gores you!
You tentacle-slap the yak. Your squeeze misses the yak.
The yak is heavily wounded.
The yak gores you!
You bludgeon the yak!
The yak is severely wounded.
You bludgeon the yak! You squeeze the yak.
You kill the yak!
You tentacle-slap the orc but do no damage.
Your grab misses the orc. The orc hits you with a +0 whip.
You tentacle-slap the orc. Your grab misses the orc. You squeeze the orc.
The orc is severely wounded.
The orc hits you with a +0 whip.
* * * LOW HITPOINT WARNING * * *
You bludgeon the orc!
You kill the orc!
You closely miss the yak. You squeeze the yak!
The yak is moderately wounded.
You tentacle-slap the yak but do no damage.
Your tentacle-slap misses the yak.
The yak is moderately wounded.
The yak gores you!
* * * LOW HITPOINT WARNING * * *
Aiming: Corrosive Bolt
Press: ? - help, Q - select action, (/) - cycle Shift-Dir - straight line, f - yak
Aim: a yak (moderately wounded, 83% to hit)
The bolt of acid hits the yak!
The acid corrodes the yak!
The yak is heavily wounded.
The yak gores you!
You die...

######## #......# #......#
####### #......# #.....#
#......# ######.###.#
##.##+#### #.Y@...#...#
###.##....####รท######.###
).............Y>....#.#
###.##....#.....###.#.#
#.##.####.###.# #.#.#
#.##.# #..^..# #.#.###
#.##.# ######.# #.#(..#
###.##.###...##.# #.###.##
#....#..........# #.....)#


You could see a yak (corroded).

Vanquished Creatures
  A cyclops (D:7)
  Sigmund (D:3)
  A slime creature (D:7)
  3 yaks
  Menkaure (D:4)
  Edmund (D:6)
  Duvessa (D:4)
  A water moccasin (D:5)
  2 sky beasts
  An orc warrior (D:7)
  3 ogres
  3 centaurs
  Blork the orc (D:4)
  2 bullfrogs (D:7)
  4 scorpions
  Dowan (D:4)
  2 howler monkeys
  5 hounds
  3 jellies
  An orc priest (D:3)
  Jessica (D:2)
  Ijyb (D:3)
  2 iguanas
  Natasha (twice) (D:3)
  4 orc wizards
  Robin (D:2)
  6 adders
  A shadow imp (D:7)
  2 worms
  A dart slug (D:4)
  18 orcs
  6 bats
  22 endoplasms
  5 giant cockroaches
  17 goblins
  13 hobgoblins
  6 quokkas
  8 ball pythons
  4 frilled lizards
  8 kobolds
  3 rats (D:1)
169 creatures vanquished.

Vanquished Creatures (others)
  21 foxfires (D:3)
  7 fungi (D:7)
28 creatures vanquished.

Grand Total: 197 creatures vanquished

Notes
Turn   | Place    | Note
-------+----------+-------------------------------------------
     0 | D:1      | Caratheodory the Octopode Cinder Acolyte began the quest
                  | for the Orb.
     0 | D:1      | Reached XP level 1. HP: 16/16 MP: 2/2
    81 | D:1      | Found Vaocuhur's General Store.
    90 | D:1      | Reached XP level 2. HP: 21/21 MP: 3/3
   124 | D:1      | Reached skill level 1 in Dodging
   167 | D:1      | Found Huwuk's Magic Scroll Boutique.
   169 | D:1      | Found Uhusoez's Jewellery Emporium.
   211 | D:1      | Found Ideonuah's Magic Scroll Shop.
   275 | D:1      | Reached XP level 3. HP: 23/26 MP: 4/4
   324 | D:1      | Learned a level 2 spell: Scorch
   418 | D:1      | Found Mig Agih's Distillery.
   969 | D:2      | Found Rocig's Magic Scroll Shoppe.
  1044 | D:2      | Reached XP level 4. HP: 33/33 MP: 5/5
  1051 | D:2      | Noticed Robin
  1065 | D:2      | Killed Robin
  1144 | D:2      | Found Wong's Magic Scroll Emporium.
  1283 | D:2      | Noticed Jessica
  1295 | D:2      | Killed Jessica
  1334 | D:2      | Found Duloast's Assorted Antiques.
  1547 | D:3      | Reached XP level 5. HP: 37/37 MP: 6/6
  1852 | D:3      | Found a faded altar of an unknown god.
  1852 | D:3      | Noticed Sigmund
  1864 | D:3      | Killed Sigmund
  1865 | D:3      | Reached XP level 6. HP: 44/44 MP: 7/7
  2208 | D:3      | Noticed Natasha
  2225 | D:3      | Killed Natasha
  2299 | D:3      | Noticed Ijyb
  2319 | D:3      | Killed Ijyb
  2331 | D:3      | HP: 2/45 [orc wizard/magic dart (5)]
  2506 | D:3      | Reached skill level 5 in Fighting
  2506 | D:3      | Reached skill level 5 in Unarmed Combat
  2506 | D:3      | Reached XP level 7. HP: 35/50 MP: 5/8
  2572 | D:3      | Found a shimmering blue altar of Sif Muna.
  2576 | D:3      | Found an opulent altar of Gozag.
  2585 | D:3      | Found a stormy altar of Qazlal.
  2585 | D:3      | Found a hazy altar of Hepliaklqana.
  2603 | D:3      | Found a sacrificial altar of Ru.
  2647 | D:4      | Noticed Blork the orc
  2658 | D:4      | Killed Blork the orc
  3211 | D:2      | Bought a scratched opal ring for 145 gold pieces
  3241 | D:4      | Noticed Duvessa
  3259 | D:4      | Killed Duvessa
  3273 | D:3      | Noticed Natasha
  3276 | D:3      | Killed Natasha
  3596 | D:4      | Noticed Menkaure
  3686 | D:4      | Killed Menkaure
  3687 | D:4      | Reached XP level 8. HP: 57/57 MP: 2/9
  3698 | D:4      | Reached skill level 5 in Dodging
  3840 | D:4      | Noticed Dowan
  3970 | D:4      | Killed Dowan
  4263 | D:5      | Entered Level 5 of the Dungeon
  5259 | D:6      | Reached XP level 9. HP: 26/64 MP: 3/10
  5743 | D:6      | Found a staircase to the Ecumenical Temple.
  5856 | D:6      | Identified the +1 ring mail "Fijomaeh" {Str+2}
  5948 | D:6      | Noticed Edmund
  5963 | D:6      | Killed Edmund
  6968 | D:7      | Noticed a cyclops
  6981 | D:7      | Killed a cyclops
  7371 | D:7      | HP: 2/67 [yak (8)]
  7372 | D:7      | Reached XP level 10. HP: 2/73 MP: 1/11
  7675 | D:7      | Slain by a yak

Illustrated notes

Levels and vault maps discovered:
D:1:      dpeg_arrival_rooms_a, layout_basic, serial_shops, nicolae_shop_stone,
          nicolae_shop_hallway_plus, nicolae_shop_stone, shop,
          nicolae_shop_waterfront
D:2:      layout_rooms, serial_shops, shop_statue, shop,
          nicolae_shop_statue_plus, uniq_robin, uniq_jessica
D:3:      layout_rooms, minmay_overflow_temple_star_hex,
          shapermc_ecumenical_altar_mp_highgroup, uniq_sigmund, uniq_ijyb,
          uniq_natasha, uniq_crazy_yiuf_cottage
D:4:      layout_loops_ring, minmay_bent, uniq_blork_the_orc, uniq_menkaure,
          uniq_duvessa
D:5:      wad_pebble_path, layout_rooms
D:6:      layout_loops_corners, minmay_temple_entry_antechambers,
          kennysheep_generic_room_6, uniq_edmund
D:7:      lemuel_slime, layout_basic
D:8:      layout_rooms, nicolae_blasting_shop

Skill      XL: |  1  2  3  4  5  6  7  8  9 |
---------------+----------------------------+-----
Dodging        | 1 2 3 4 6 8 |  8.2
Fighting       | 4 5 7 8 |  8.8
Unarmed Combat | 4 5 7 8 |  8.8
Spellcasting   | |  1.0
Fire Magic     | |  3.0

Action                   |  1- 3 |  4- 6 |  7- 9 | 10-12 || total
-------------------------+-------+-------+-------+-------++-------
Melee: Unarmed           |    79 |    89 |   217 |    20 ||   405
       Constrict         |    21 |    22 |    29 |     1 ||    73
       Tentacles         |    11 |    20 |    44 |     7 ||    82
       Punch             |     2 |     1 |    15 |     3 ||    21
Throw: Javelin           |       |     2 |     6 |       ||     8
       Dart              |       |       |     6 |       ||     6
 Cast: Scorch            |     4 |    13 |    60 |       ||    77
Invok: Foxfire Swarm     |       |     1 |       |       ||     1
       Fiery Armour      |       |       |     2 |       ||     2
Evoke: Wand              |       |       |     1 |     1 ||     2
  Use: Scroll            |     4 |     5 |     4 |       ||    13
       Potion            |       |     1 |     2 |       ||     3
 Stab: Sleeping          |     5 |       |     2 |       ||     7
Armor: Skin              |     9 |     3 |    11 |       ||    23
Dodge: Dodged            |    46 |    41 |   129 |     9 ||   225

Table legend: (Time is in decaauts)
 A = Elapsed time spent in this place.
 B = Non-inter-level travel time spent in this place.
 C = Inter-level travel time spent in this place.
 D = Time resting spent in this place.
 E = Time spent auto-exploring this place.
 F = Levels seen in this place.
 G = Mean time per level.
                   A        B        C        D        E       F      G
               +--------+--------+--------+--------+--------+-----+--------+
         Total |   7642 |   7353 |    289 |      0 |   6058 |   8 |  955.2 |
       Dungeon |   7642 |   7353 |    289 |      0 |   6058 |   8 |  955.2 |
               +--------+--------+--------+--------+--------+-----+--------+

Top non-repeatable levels by time:
     D:4: 1331 daAuts
     D:7: 1269 daAuts
     D:3: 1243 daAuts
     D:6: 1223 daAuts
     D:1: 862 daAuts
     D:5: 856 daAuts
     D:2: 810 daAuts
     D:8: 44 daAuts
